 Dungeon Crawl Stone Soup version bcrawl-1.27.1d (webtiles) character file.

Game seed: 18251221054561281867

171282 Freyura the Cutter (level 5, 41/41 HPs)
             Began as a Demonspawn Gladiator on July 19, 2020.
             Was an Initiate of Ashenzari.
             Got out of the dungeon alive.
             The game lasted 00:06:45 (2410 turns).

Freyura the Cutter (Demonspawn Gladiator)           Turns: 2410, Time: 00:06:45

Health: 41/41      AC:  7    Str: 12    XL:     5   Next: 58%
Magic:  14/14      EV: 13    Int: 10    God:    Ashenzari [......]
Gold:   188        SH:  0    Dex: 15    Spells: 4/4 levels left

rFire    . . .     SeeInvis .   a - +1 rapier (curse)
rCold    . . .     Gourm    .   (no shield)
rNeg     . . .     Faith    .   b - +0 leather armour
rPois    .         Spirit   .   (helmet restricted)
rElec    .         Reflect  .   (no cloak)
rCorr    .         Harm     .   g - +1 pair of gloves
MR       .....                  (no boots)
Stlth    ++........             (no amulet)
HPRegen  0.13/turn              o - ring of magical power
MPRegen  0.14/turn              (no ring)

@: no status effects
A: hooves 1, horns 1, iridescent scales 1, deterioration 1, powered by pain 1,
weak 1
a: Curse Item, Renounce Religion


You escaped.
You worshipped Ashenzari.
Ashenzari was noncommittal.
You were not hungry.

You visited 1 branch of the dungeon, and saw 3 of its levels.

You collected 188 gold pieces.

Inventory:

Hand Weapons
 a - a cursed +1 rapier (weapon)
Missiles
 d - 3 throwing nets {=f}
Armour
 b - a +0 leather armour (worn)
 g - a +1 pair of gloves (worn)
Jewellery
 n - an uncursed ring of poison resistance
 o - a ring of magical power (left hand)
Scrolls
 c - 2 scrolls of immolation
 h - a scroll of teleportation
 j - 2 scrolls of remove curse
Potions
 f - 2 potions of flight
 i - a potion of curing
 l - 2 potions of lignification {unknown}
 m - a potion of berserk rage {unknown}
 p - a potion of might {unknown}
Comestibles
 e - 5 rations {!d}


   Skills:
 + Level 3.3 Fighting
 + Level 3.7 Short Blades
 - Level 1.7 Throwing
 + Level 3.6 Dodging
 + Level 2.4 Stealth


You had 4 spell levels left.
You didn't know any spells.
Your spell library was empty.

Dungeon Overview and Level Annotations

Branches:
Dungeon (3/12)

Altars:
Ashenzari
Gozag
Trog


Innate Abilities, Weirdness & Mutations

You have a pair of small horns on your head.
You are partially covered in iridescent scales. (AC +2)
You sometimes gain a little power by taking damage.
You have large cloven feet.
Your body sometimes deteriorates upon taking damage.
You are weak. (Str -2)


Message History

You feel weaker.
You feel yourself wasting away.
Your feet thicken and deform.
(D) Dungeon
Where to? (Enter - D:3, ? - help)
What level of the Dungeon? (default 1, ? - help)
Things that are here:
a +0 club; a hobgoblin corpse You see here a +0 whip.
You see here a +0 flail.
All of the chunks of flesh in your inventory have rotted away.
There is a stone staircase leading up here.
You climb upwards.
There is a stone staircase leading down here.
There is a stone staircase leading up here.
You climb upwards.
There is a stone staircase leading down here.
There is a staircase leading out of the dungeon here.
Are you sure you want to leave the Dungeon?
This will make you lose the game!
Alright, then stay!
Are you sure you want to leave the Dungeon?
This will make you lose the game!
You have escaped!

#.....#.......(........#.########
......................>..# #
..##############.############ #
#.# ♣.......................♣ #
#.# ♣..8..8...........8..8..♣ #
#.# ♣.......................♣ #
#.♣♣♣................)..÷...♣♣ #
#.♣♣...8..8...........8..8...♣ #
#.♣♣............@............♣
..♣♣...8..8...........8..8...♣
..♣♣♣...................÷...♣♣
..# ♣...........^.......÷...♣ ..#
♣..8..8...........8..8..♣ ..#
♣.......................♣
..##############.################
#................................
....####.##..####################


There were no monsters in sight!

Vanquished Creatures
  An ogre (D:3)
  2 adders (D:3)
  3 oozes (D:2)
  3 worms (D:2)
  2 dart slugs
  9 leopard geckos
  5 orcs (D:3)
  2 ball pythons
  9 bats
  2 giant cockroaches
  3 goblins
  11 hobgoblins
  A quokka (D:3)
  4 frilled lizards
  7 kobolds
  10 rats
74 creatures vanquished.

Notes
Turn   | Place    | Note
-------+----------+-------------------------------------------
     0 | D:1      | Freyura the Demonspawn Gladiator began the quest for the
                  | Orb.
     0 | D:1      | Reached XP level 1. HP: 16/16 MP: 1/1
   179 | D:1      | Gained mutation: You sometimes gain a little power by
                  | taking damage. [demonic ancestry]
   179 | D:1      | Reached XP level 2. HP: 18/22 MP: 2/2
   578 | D:1      | Reached skill level 1 in Stealth
   791 | D:1      | Gained mutation: You have a pair of small horns on your
                  | head. [demonic ancestry]
   791 | D:1      | Reached XP level 3. HP: 28/28 MP: 3/3
  1132 | D:2      | Noticed a moth of wrath
  1274 | D:2      | Found a shattered altar of Ashenzari.
  1296 | D:2      | Became a worshipper of Ashenzari the Shackled
  1381 | D:2      | Found an opulent altar of Gozag.
  1455 | D:2      | Reached XP level 4. HP: 16/34 MP: 4/4
  1711 | D:2      | Found a bloodstained altar of Trog.
  1925 | D:3      | Noticed an ogre
  1939 | D:3      | Killed an ogre
  1939 | D:3      | Gained mutation: You are partially covered in iridescent
                  | scales. (AC +2) [demonic ancestry]
  1939 | D:3      | Reached XP level 5. HP: 41/41 MP: 5/5
  2158 | D:3      | Found a faded altar of an unknown god.
  2355 | D:3      | Gained mutation: You are weak. (Str -2) [potion of
                  | mutation]
  2355 | D:3      | Gained mutation: Your body sometimes deteriorates upon
                  | taking damage. [potion of mutation]
  2355 | D:3      | Gained mutation: You have large cloven feet. [potion of
                  | mutation]
  2410 | D:$      | Got out of the dungeon alive.

Skill      XL: |  1  2  3  4 |
---------------+-------------+-----
Short Blades   | 3 |  3.7
Stealth        | 1 2 |  2.4
Dodging        | 3 |  3.6
Fighting       | 3 |  3.3
Throwing       | |  1.7

Action                   |  1- 3 |  4- 6 || total
-------------------------+-------+-------++-------
Melee: Rapier            |   145 |    97 ||   242
       Headbutt          |    10 |    11 ||    21
Invok: Curse Item        |     1 |       ||     1
  Use: Scroll            |     3 |     6 ||     9
       Potion            |       |     1 ||     1
 Stab: Sleeping          |     2 |       ||     2
  Eat: Chunk             |     5 |     6 ||    11
Armor: Leather armour    |    46 |    41 ||    87
Dodge: Dodged            |   102 |    77 ||   179
